 Dungeon Crawl Stone Soup version 0.30.1 (webtiles) character file.

Game seed: 11189384191759212891

4723 Graphine the Cleaver (level 10, -2/94 HPs)
             Began as a Hill Orc Fighter on July 3, 2023.
             Was a Believer of Beogh.
             Slain by Amaemon
             ... wielding a +0 demon whip of venom
              (12 damage)
             ... on level 8 of the Dungeon.
             The game lasted 00:14:15 (7195 turns).

Graphine the Cleaver (Hill Orc Fighter)             Turns: 7195, Time: 00:14:18

Health: -2/94      AC: 22    Str: 28    XL:     10   Next: 45%
Magic:  14/14      EV:  7    Int:  5    God:    Beogh [**....]
Gold:   433        SH:  5    Dex:  9    Spells: 9/9 levels left

rFire   + . .        a - +1 war axe (heavy)
rCold   . . .        c - +0 buckler
rNeg    . . .        d - +2 plate armour {rF+}
rPois   .            (helmet restricted)
rElec   .            u - scarf {repulsion}
rCorr   .            (no gloves)
SInv    .            x - +0 pair of boots
Will    .....        (no amulet) Stlth
                     o - +4 ring of protection
HPRegen 0.35/turn    (no ring)
MPRegen 0.14/turn

%: repel missiles
@: mighty, lethally poisoned (-2 -> -13), studying Fighting
A: claws 1, horns 1, iridescent scales 1, dopey 1, strong 1
a: Renounce Religion, Smiting


You were on level 8 of the Dungeon.
You worshipped Beogh.
Beogh was pleased with you.
You visited 1 branch of the dungeon, and saw 8 of its levels.

You collected 433 gold pieces.

Inventory:

Hand Weapons
 a - a +1 heavy war axe (weapon)
 H - a +1 hand axe of flaming
Armour
 c - a +0 buckler (worn)
 d - a +2 plate armour of fire resistance (worn)
 i - a +0 helmet
 p - a +0 cloak
 u - a scarf of repulsion (worn)
 x - a +0 pair of boots (worn)
Jewellery
 o - a +4 ring of protection (left claw)
 w - a ring of see invisible
Wands
 k - a wand of light (13)
 m - a wand of charming (5)
 B - a wand of flame (23)
 D - a wand of mindburst (28)
Scrolls
 j - 2 scrolls of vulnerability
 l - 2 scrolls of blinking
 t - 2 scrolls of magic mapping
 y - a scroll of enchant weapon
 G - a scroll of immolation
Potions
 b - 3 potions of lignification
 e - 3 potions of flight
 f - 7 potions of curing
 g - a potion of berserk rage {unknown}
 h - a potion of mutation
 n - a potion of ambrosia
 q - 3 potions of brilliance
 r - 2 potions of attraction
 s - a potion of haste {unknown}
 v - a potion of might
 z - a potion of heal wounds
 A - 2 potions of resistance {unknown}
 C - a potion of invisibility {unknown}


   Skills:
 * Level 10.9 Fighting
 * Level 11.7 Axes
 + Level 7.4 Armour
 + Level 7.5 Shields
 * Level 6.1 Invocations


You had 9 spell levels left.
You didn't know any spells.
Your spell library contained the following spells:

 Spells                   Type           Power      Damage    Failure   Level
 Magic Dart               Conj           0%         1d3       99%         1
 Ensorcelled Hibernation  Hex/Ice        0%         N/A       100%        2
 Lesser Beckoning         Tloc           0%         N/A       100%        2
 Passwall                 Tmut/Erth      0%         N/A       100%        2
 Searing Ray              Conj           0%         2d4       100%        2
 Gell's Gravitas          Tloc           0%         N/A       100%        3
 Swiftness                Air            0%         N/A       100%        3
 Teleport Other           Tloc           0%         N/A       100%        3
 Fulminant Prism          Conj/Hex       0%         3d5       100%        4
 Sticky Flame             Conj/Fire      0%         2d3       100%        4
 Dragon Form              Tmut           0%         N/A       100%        7
 Malign Gateway           Summ/Tloc      0%         N/A       100%        7
 Orb of Destruction       Conj           0%         9d5       100%        7
 Summon Horrible Things   Summ           0%         N/A       100%        8


Dungeon Overview and Level Annotations

Branches:
Dungeon (8/15)             Temple (0/1) D:5
   Lair: D:8-11

Altars:
Cheibriados

Shops:
D:1 *   D:3 [

Annotations:
D:8 Amaemon


Innate Abilities, Weirdness & Mutations

You have sharp fingernails.
You have a pair of small horns on your head.
You are partially covered in iridescent scales. (AC +2)
You are dopey. (Int -2)
Your muscles are strong. (Str +4, Int/Dex -1)


Message History

Something hits you but does no damage.
Unknown command.
Cleave: a) +1 war axe (heavy)
Press: ? - help, Dir - move target, f/p - Amaemon
Aim: Amaemon, wielding a +0 demon whip of venom and carrying a wand of digging (3) (heavily wounded, about 41% to evade your +1 heavy war axe)
You closely miss Amaemon.
Amaemon is heavily wounded.
You slice something!! Beogh accepts your kill.
Reactivating autopickup.
You feel a bit more experienced.
You feel very sick. Amaemon hits you but does no damage.
You are more poisoned.
Amaemon claws you but does no damage. You block Amaemon's attack.
The scorpion stings you.
* * * LOW HITPOINT WARNING * * *
Amaemon hits you with a +0 demon whip of venom.
* * * LOW HITPOINT WARNING * * *
You are more poisoned.
Amaemon claws you but does no damage.
Amaemon tail-slaps you but does no damage.
You feel better. You block the scorpion's attack.
Amaemon hits you with a +0 demon whip of venom!
* * * LOW HITPOINT WARNING * * *
You are poisoned.
Amaemon claws you but does no damage. Amaemon completely misses you.
Cleave: a) +1 war axe (heavy)
Press: ? - help, Dir - move target, f/p - Amaemon
Aim: Amaemon, wielding a +0 demon whip of venom and carrying a wand of digging (3) (heavily wounded, about 41% to evade your +1 heavy war axe)
You slash Amaemon!
Amaemon is severely wounded.
You hit the scorpion but do no damage.
Your attacks no longer feel as feeble.
* * * LOW HITPOINT WARNING * * *
You feel very sick. The scorpion stings you.
* * * LOW HITPOINT WARNING * * *
Amaemon hits you with a +0 demon whip of venom!
You die...

....)††.........
####.)).......##.....##
####..................
...#).....[..........###
........................
..............##.......#
..............##.......#
......###...#....6......
......# #...#...@s......
......###...#..........#
..............!........#
........................
...#....................
####............###.....
#....#.......#.. .....
......#.......#........
......#.......#.... ..


You could see Amaemon and a scorpion (summoned, curare).

Vanquished Creatures
  Pikel (D:7)
  An orange demon (D:8)
  2 hornets (D:7)
  Grum (D:8)
  A steam dragon (D:7)
  Menkaure (D:6)
  A water moccasin (D:5)
  A black bear (D:8)
  An ice beast (D:5)
  Duvessa (D:4)
  A sky beast (D:8)
  2 ogres (D:4)
  3 wolves (D:8)
  2 centaurs (D:6)
  2 phantoms
  2 bullfrogs (D:7)
  4 scorpions
  5 wights (D:7)
  Dowan (D:4)
  2 howler monkeys
  7 electric eels (D:7)
  4 hounds
  3 jellies
  A gnoll bouda (D:6)
  An orc priest (D:7)
  6 sleepcaps
  Ijyb (D:2)
  4 iguanas
  3 orc wizards
  Robin (D:2)
  15 gnolls
  9 adders
  A shadow imp (D:7)
  2 ufetubi
  A worm (D:2)
  2 dart slugs
  22 orcs
  2 endoplasms
  2 giant cockroaches
  14 goblins
  12 hobgoblins
  7 jackals
  6 quokkas
  14 ball pythons
  4 bats
  5 frilled lizards
  6 kobolds
  9 rats
199 creatures vanquished.

Notes
Turn   | Place    | Note
-------+----------+-------------------------------------------
     0 | D:1      | Graphine the Hill Orc Fighter began the quest for the Orb.
     0 | D:1      | Reached XP level 1. HP: 19/19 MP: 1/1
   189 | D:1      | Reached skill level 3 in Axes
   232 | D:1      | Reached XP level 2. HP: 27/27 MP: 2/2
   520 | D:1      | Reached XP level 3. HP: 33/33 MP: 3/3
   784 | D:1      | Found Moss's Assorted Antiques.
  1038 | D:2      | Noticed Robin
  1051 | D:2      | Killed Robin
  1141 | D:2      | Reached skill level 4 in Axes
  1193 | D:2      | Reached XP level 4. HP: 25/40 MP: 4/4
  1372 | D:2      | Noticed Ijyb
  1406 | D:2      | Killed Ijyb
  1407 | D:2      | Reached XP level 5. HP: 26/47 MP: 5/5
  1907 | D:3      | Found a snail-covered altar of Cheibriados.
  1938 | D:3      | Reached skill level 5 in Axes
  2014 | D:3      | Found Gestri's Antique Armour Shoppe.
  2514 | D:3      | Gained mutation: You are partially covered in iridescent
                  | scales. (AC +2) [potion of mutation]
  2514 | D:3      | Gained mutation: You have hidden genetic potential. [potion
                  | of mutation]
  2514 | D:3      | Gained mutation: You are dopey. (Int -2) [potion of
                  | mutation]
  2514 | D:3      | Gained mutation: You have sharp fingernails. [potion of
                  | mutation]
  2532 | D:4      | Reached XP level 6. HP: 55/55 MP: 6/6
  2571 | D:4      | Reached skill level 5 in Fighting
  2571 | D:4      | Gained mutation: You have a pair of small horns on your
                  | head. [hidden potential]
  2580 | D:4      | Reached skill level 6 in Axes
  2765 | D:4      | Noticed Duvessa
  2765 | D:4      | Noticed Dowan
  2773 | D:4      | Killed Duvessa
  2774 | D:4      | Reached XP level 7. HP: 46/61 MP: 7/7
  2785 | D:4      | Killed Dowan
  3012 | D:4      | Reached skill level 7 in Axes
  3012 | D:4      | Reached skill level 5 in Shields
  3020 | D:4      | Gained mutation: Your muscles are strong. (Str +4, Int/Dex
                  | -1) [hidden potential]
  3020 | D:4      | Lost mutation: You have hidden genetic potential. [hidden
                  | potential expressed]
  3413 | D:4      | Reached skill level 5 in Armour
  3422 | D:4      | Became a worshipper of Beogh the Brigand
  3425 | D:4      | Got the Treatise on Destructive Flesh
  3781 | D:5      | Entered Level 5 of the Dungeon
  3834 | D:5      | Reached XP level 8. HP: 69/70 MP: 8/8
  4002 | D:5      | Reached skill level 8 in Axes
  4180 | D:5      | Found a staircase to the Ecumenical Temple.
  4348 | D:5      | Reached * piety under Beogh
  4470 | D:5      | Reached skill level 9 in Axes
  4639 | D:6      | Noticed Menkaure
  4648 | D:6      | Killed Menkaure
  4649 | D:6      | Reached XP level 9. HP: 51/79 MP: 9/9
  4798 | D:6      | Reached skill level 10 in Axes
  5034 | D:6      | Reached skill level 1 in Invocations
  5213 | D:6      | Identified a scroll of acquirement
  5213 | D:6      | Acquired a manual of Fighting
  5621 | D:7      | Noticed a hornet
  5626 | D:7      | Killed a hornet
  5634 | D:7      | Noticed a hornet
  5640 | D:7      | Reached ** piety under Beogh
  5644 | D:7      | Killed a hornet
  5853 | D:7      | Found Millul's Neck Hole.
  6334 | D:7      | Reached skill level 11 in Axes
  6334 | D:7      | Reached XP level 10. HP: 48/91 MP: 13/13
  6669 | D:7      | Noticed Pikel
  6677 | D:7      | Killed Pikel
  6678 | D:7      | Reached skill level 10 in Fighting
  6678 | D:7      | Reached skill level 5 in Invocations
  7034 | D:8      | Noticed Grum
  7046 | D:8      | Killed Grum
  7178 | D:8      | Noticed Amaemon
  7178 | D:8      | Noticed an orange demon
  7186 | D:8      | Killed an orange demon
  7195 | D:8      | Slain by Amaemon

Illustrated notes

Levels and vault maps discovered:
D:1:      psy_arrival_radial01, layout_basic, serial_shops,
          nicolae_shop_window_shopping
D:2:      kennysheep_the_goblin_king, layout_basic, minmay_fountain_box,
          st_stairs_5, dk_vineyard_3, uniq_robin
D:3:      layout_basic, mainiacjoe_overflow_cross_hatched, serial_shops,
          nicolae_shop_competitors_out_of_business
D:4:      layout_gridville, uniq_duvessa
D:5:      kb_forest_paths, layout_loops_ring, minmay_temple_entry_from_below_a
D:6:      layout_basic, minmay_checkerbox, uniq_menkaure
D:7:      layout_rooms, serial_bayou, serial_bayou_shore_b,
          serial_bayou_lagoon_b, serial_bayou_pond_c, serial_bayou_pond_c,
          hangedman_abyss_or_decor_lesser_grid,
          nicolae_shop_sticking_my_neck_out, uniq_pikel
D:8:      layout_basic, kennysheep_orc_sif_temple, serial_shops,
          nicolae_shop_stone, uniq_amaemon, uniq_grum

Skill      XL: |  1  2  3  4  5  6  7  8  9 10 |
---------------+-------------------------------+-----
Axes           | 3 4 5 6 7 9 11 | 11.7
Fighting       | 4 5 7 9 10 | 10.9
Shields        | 4 5 6 7 |  7.5
Armour         | 4 5 6 7 |  7.4
Invocations    | 4 6 |  6.1

Action                     |  1- 3 |  4- 6 |  7- 9 | 10-12 || total
---------------------------+-------+-------+-------+-------++-------
  Melee: War axe           |   103 |   129 |   270 |    40 ||   542
         Headbutt          |       |     2 |    35 |     6 ||    43
 Invoke: Convert to Beogh  |       |       |     1 |       ||     1
    Use: Scroll            |     4 |     6 |    13 |     1 ||    24
         Potion            |       |     2 |     2 |     2 ||     6
 Armour: Fire dragon scale |    64 |    95 |   121 |       ||   280
         Scale mail        |     1 |       |       |       ||     1
         Plate armour      |       |       |    48 |    55 ||   103
  Dodge: Dodged            |    57 |    80 |   120 |    27 ||   284
         Repelled          |       |       |     2 |       ||     2
  Block: Buckler           |    22 |    31 |    67 |    17 ||   137
